cohdb
Replays
Latest Replays
All Replays
Popular Replays
Top Player Replays
Match Explorer
How It Works
Community
CoH3 Stats
Reddit
Sign in to upload your games and track your stats! →
Sign in with Steam
Match 40814378
Unlisted
Match 40814378
Overview
Messages
Build Orders
End
Panzergrenadier Squad
Selects Battlefield Espionage Battlegroup
250 Light Carrier
Panzergrenadier Squad
Construct Light Support Kompanie
Combat Half-tracks
Fire Support Elements
le.IG 18 Mechanized Group
Pak 38 Anti-tank Gun Team
Selects Intel Disruption Beacon
Construct Mechanized Kompanie
Veteran Squad Leaders
StuG III D Assault Gun
Selects Plunder
StuG III D Assault Gun
Pak 38 Anti-tank Gun Team
Vehicle Survival Package
Selects 250/3 Funkpanzerwagen
Construct Panzerarmee Kommand
Selects Firestorm
Firestorm
Armored Reserves
Flak 36 Anti-tank Gun Team
Firestorm
Emergency Repair Kits
Selects Anti-Tank Incendiary Munitions
Tiger Heavy Tank
Tungsten Core Ammunition
Advanced Optics
Para_Dilshan
KaptainKlaus
Twistybred
Touch1Me
zero13be
Yazan199911 Arg
Hansi'(ツ)
Bursacio
0
0
Comments
sign in to comment!
No comments posted yet!